Map: NeoHumanity LE

Players

LittleTyrant - Winner!

  • Race: Zerg Zerg
  • League: Diamond
  • Spawn Location: 5:00

Krill

  • Race: Protoss Protoss
  • Spawn Location: 11:00

VOD

Have the link to the VOD?

Description

Time

  • Played on: Aug. 15, 2023, 7:22 p.m.
  • Length: 12:18
Show
View Real Time Build Order
Export as new Build Order

LittleTyrant Zerg - Winner!

Build Orders: Pool First 

Get SALT Encoding   

  12  0:17  Spawning Pool  
  11  0:22  Drone  
  11  0:27  Drone  
  13  0:31  Drone  
  14  0:40  Overlord  
  14  1:03  Zergling x4  
  16  1:05  Zergling x2  
  17  1:21  Queen  
  17  1:22  Zergling x2  
  20  1:37  Zergling x4  
  20  1:39  Hatchery  
  21  1:57  Drone  
  22  2:02  Overlord  
  22  2:22  Drone x2  
  24  2:25  Hatchery  
  23  2:31  Drone  
  24  2:37  Queen  
  26  2:47  Drone  
  27  2:59  Drone  
  27  3:00  Drone x3  
  27  3:04  Overlord  
  31  3:14  Drone x3  
  34  3:21  Extractor  
  33  3:29  Drone x4  
  38  3:34  Drone  
  38  3:41  Drone  
  39  3:43  Drone  
  39  3:46  Drone x2  
  39  3:47  Queen  
  44  3:53  Drone  
  45  3:56  Queen  
  45  3:57  Drone x2  
  45  3:59  Drone  
  50  4:04  Overlord  
  50  4:12  Overlord  
  50  4:25  Overlord  
  50  4:30  Queen, Drone, Spore Crawler  
  52  4:36  Drone, Spore Crawler  
  52  4:37  Drone x6  
  57  4:50  Lair, Queen  
  57  4:51  Roach Warren, Drone  
  59  4:54  Spore Crawler  
  59  4:58  Drone  
  59  4:59  Drone x3  
  62  5:05  Drone x3  
  65  5:07  Evolution Chamber  
  65  5:13  Drone  
  65  5:15  Overlord  
  65  5:17  Overlord  
  65  5:32  Hatchery, Metabolic Boost  
  64  5:36  Drone x3  
  64  5:37  Drone x8  
  74  5:48  Glial Reconstitution  
  74  5:50  Extractor  
  74  5:53  Extractor  
  70  6:12  Extractor  
  69  6:26  Zerg Missile Weapons Level 1  
  69  6:30  Overlord x3  
  69  6:35  Drone x3  
  69  6:36  Drone x3  
  75  6:42  Drone  
  75  6:43  Drone x2  
  78  6:52  Drone x8  
  78  6:53  Roach  
  78  6:54  Roach x3  
  94  7:17  Roach x8, Extractor  
  94  7:18  Roach  
  94  7:19  Overlord x4  
  111  7:26  Extractor  
  110  7:33  Roach, Evolution Chamber  
  110  7:34  Evolution Chamber, Overlord x4  
  110  7:37  Hatchery  
  109  7:48  Roach  
  111  7:55  Roach  
  112  8:02  Roach x6  
  123  8:07  Hatchery  
  122  8:13  Zergling x28  
  134  8:20  Zerg Melee Weapons Level 1  
  134  8:21  Zerg Missile Weapons Level 2, Zerg Ground Armor Level 1  
  128  8:38  Roach  
  128  8:39  Roach  
  132  8:42  Roach x7  
  119  9:03  Roach  
  119  9:04  Roach x8  
  119  9:08  Roach x2  
  120  9:16  Queen, Hatchery  
  112  9:17  Roach x4  
  112  9:24  Roach x4  
  126  9:31  Roach x5  
  136  9:40  Hatchery  
  133  9:47  Hydralisk Den  
  133  9:48  Roach x9  
  133  9:51  Roach x3  
  152  9:58  Roach  
  152  9:59  Roach x4  
  152  10:08  Roach  
  152  10:09  Roach x4  
  152  10:10  Zergling x12  
  152  10:11  Zergling x8  
  170  10:18  Roach x4  
  170  10:19  Roach  
  170  10:20  Zergling x4  
  136  10:33  Queen  
  118  10:39  Roach x5  
  118  10:40  Roach x6  
  132  10:44  Zergling x2  
  132  10:45  Zergling x18  
  138  11:01  Roach x7  
  138  11:02  Roach  
  154  11:07  Zergling x4  
  149  11:22  Roach x2  
  143  11:26  Roach x5  
  136  11:41  Roach x8  
  136  11:42  Roach  
  150  11:51  Drone x2  
  150  11:52  Drone x9  
  141  12:04  Infestation Pit  
Show
View Real Time Build Order
Export as new Build Order

Krill Protoss 

Build Orders: Oracle Opening 

Get SALT Encoding   

  12  0:00  Probe  
  13  0:12  Probe  
  14  0:18  Pylon  
  14  0:24  Probe (Chrono Boost)  
  15  0:36  Probe (Chrono Boost)  
  15  0:39  Gateway  
  16  0:45  Probe (Chrono Boost)  
  16  0:48  Assimilator  
  17  0:51  Probe  
  18  1:03  Probe  
  19  1:15  Probe  
  20  1:19  Gateway  
  20  1:25  Zealot (Chrono Boost)  
  20  1:27  Cybernetics Core  
  22  1:35  Pylon  
  22  1:53  Zealot  
  24  2:06  Adept (Chrono Boost)  
  24  2:07  Warp Gate  
  26  2:18  Nexus  
  26  2:22  Probe  
  27  2:35  Probe  
  30  2:37  Stalker (Chrono Boost)  
  30  2:42  Assimilator  
  30  2:47  Probe  
  30  2:51  Pylon  
  31  3:09  Probe  
  31  3:12  Stargate  
  32  3:21  Probe  
  32  3:22  Adept  
  32  3:24  Adept  
  37  3:31  Probe (Chrono Boost)  
  37  3:33  Probe (Chrono Boost)  
  40  3:42  Probe (Chrono Boost)  
  40  3:43  Probe (Chrono Boost)  
  40  3:46  Probe (Chrono Boost)  
  40  3:47  Probe (Chrono Boost)  
  43  3:57  Probe, Oracle  
  43  3:59  Probe  
  43  4:02  Stalker  
  50  4:06  Stalker  
  50  4:09  Probe  
  53  4:11  Probe  
  54  4:21  Pylon  
  54  4:25  Pylon  
  54  4:39  Probe x2, Oracle  
  59  4:46  Nexus  
  59  4:48  Pylon  
  59  4:51  Probe x2  
  61  5:01  Shield Battery  
  61  5:03  Probe x2  
  61  5:04  Assimilator  
  63  5:09  Assimilator, Twilight Council  
  63  5:11  Sentry  
  63  5:13  Shield Battery  
  65  5:15  Probe x2  
  67  5:23  Blink (Chrono Boost)  
  67  5:24  Forge  
  67  5:27  Probe x2  
  69  5:29  Pylon  
  69  5:39  Probe x2  
  69  5:41  Stalker x2  
  75  5:47  Pylon  
  75  5:48  Protoss Ground Weapons Level 1 (Chrono Boost)  
  75  5:51  Probe x2  
  77  5:57  Pylon  
  77  6:04  Probe x2  
  79  6:06  Gateway  
  79  6:10  Stalker  
  81  6:12  Probe  
  81  6:16  Probe x2  
  84  6:23  Stalker  
  84  6:24  Probe  
  87  6:26  Gateway  
  87  6:28  Probe x2  
  89  6:34  Gateway  
  89  6:36  Probe  
  89  6:38  Sentry  
  92  6:40  Probe x2, Robotics Facility  
  94  6:47  Stalker  
  94  6:48  Probe  
  94  6:52  Probe x2  
  99  6:54  Pylon  
  99  7:00  Stalker, Pylon  
  101  7:05  Gateway  
  101  7:07  Stalker  
  103  7:13  Stalker  
  105  7:18  Pylon  
  105  7:23  Stalker  
  105  7:24  Warp Prism (Chrono Boost)  
  109  7:34  Stalker x3  
  115  7:39  Protoss Ground Weapons Level 2  
  115  7:42  Charge  
  115  7:53  Stalker x2  
  111  8:06  Stalker x4  
  111  8:09  Shield Battery  
  111  8:11  Gateway x2  
  117  8:13  Assimilator  
  117  8:18  Stalker  
  115  8:20  Stalker  
  115  8:21  Probe x2  
  119  8:31  Templar Archives  
  119  8:32  Assimilator, Stalker  
  119  8:33  Stalker x3  
  124  8:35  Probe  
  124  8:36  Probe x2  
  127  8:42  Stalker  
  129  8:48  Gateway  
  129  8:51  Gateway  
  129  8:52  Gateway  
  119  8:59  Stalker x5  
  117  9:07  Stalker x2  
  117  9:08  Probe x3  
  114  9:20  Probe x3  
  114  9:23  Nexus  
  117  9:26  Pylon  
  117  9:27  Stalker x4  
  117  9:28  Stalker x2  
  129  9:32  Pylon  
  129  9:58  Stalker x6  
  129  9:59  Stalker x2  
  127  10:12  Photon Cannon  
  127  10:14  Photon Cannon  
  127  10:15  Photon Cannon  
  127  10:17  Photon Cannon  
  115  10:22  Stalker x6  
  117  10:32  Stalker x3  
  117  10:35  Probe x3  
  118  10:36  Probe  
  119  10:47  Assimilator  
  119  10:49  Assimilator  
  105  11:03  Robotics Bay  
  99  11:05  Stalker x5  
  99  11:06  Stalker x2  
  99  11:11  Stalker  
  111  11:16  Stalker  
  113  11:23  Stalker x2, Shield Battery  
  113  11:25  Probe  
  109  11:28  Stalker x2  
  108  11:33  Stalker  
  108  11:35  Zealot x4  
  114  11:50  Stalker x2  
  114  11:54  Nexus  
  110  11:55  Pylon  
  110  12:05  Pylon  
  111  12:11  Stalker x3  
Tags
 
Add a new tag
Caveats
  • Supply blocks, unpowered buildings, or Contaminate may cause inaccurate times.
  • Supply counts are checked every 10 seconds.